 Dungeon Crawl Stone Soup version 0.19-a0-1127-gac58878 (webtiles) character file.

4413 rlgrobin the Grappler (level 10, -10/89 HPs)
             Began as a Hill Orc Gladiator on Aug 12, 2016.
             Was an Elder of Cheibriados.
             Mangled by a vampire (12 damage)
             ... on level 9 of the Dungeon.
             The game lasted 00:24:36 (7462 turns).

rlgrobin the Grappler (Hill Orc Gladiator)          Turns: 7462, Time: 00:24:36

Health: -10/89     AC: 11    Str: 26    XL:     10   Next: 36%
Magic:  13/13      EV: 15    Int: 18    God:    Cheibriados [****..]
Gold:   584        SH:  0    Dex: 24    Spells: 0 memorised, 9 levels left

rFire  . . .     SeeInvis .       - Unarmed
rCold  + . .     Gourm    .     r - +2 ring mail {rC+}
rNeg   . . .     Faith    .     (no shield)
rPois  .         Spirit   .     b - +0 helmet
rElec  .         Dismiss  .     e - +0 cloak
rCorr  .         Reflect  .     i - +0 pair of gloves
SustAt .         Harm     .     (no boots)
MR     .....                    (no amulet)
Stlth  +.........               t - +2 ring of dexterity
                                B - -5 ring of strength (curse)

@: flying, drained, very slow
A: no striking features
a: Bend Time, Temporal Distortion, Slouch, Renounce Religion


You were on level 9 of the Dungeon.
You worshipped Cheibriados.
Cheibriados was greatly pleased with you.
You were not hungry.

You visited 1 branch of the dungeon, and saw 9 of its levels.

You collected 584 gold pieces.


   Skills:
 - Level 8.3(8.1) Fighting
 - Level 1.7(1.5) Throwing
 - Level 4.0(3.7) Armour
 - Level 5.0(4.8) Dodging
 - Level 12.0(11.7) Unarmed Combat
 + Level 4.9(4.7) Invocations


You had 9 spell levels left.
You didn't know any spells.

Inventory:

Missiles
 c - 6 throwing nets {=f}
Armour
 b - a +0 helmet (worn)
 e - a +0 cloak (worn)
 i - a +0 pair of gloves (worn)
 r - a +2 ring mail of cold resistance (worn)
Jewellery
 t - a +2 ring of dexterity (right hand)
 B - a cursed -5 ring of strength (left hand)
Wands
 l - a wand of flame (15/48)
 p - a wand of lightning (4/15)
 u - a wand of disintegration (13/24)
Scrolls
 g - 5 scrolls of enchant weapon
 m - 2 scrolls of remove curse
 y - a scroll of amnesia
 z - 2 scrolls of magic mapping {unknown}
 A - a scroll of torment {unknown}
 D - a scroll of teleportation {@r4}
 F - a scroll of fog
Potions
 a - 2 potions of brilliance
 h - 2 potions of agility
 j - 2 potions of magic
 k - a potion of flight
 o - a potion of cancellation
 q - a potion of ambrosia
 s - a potion of might
 v - 2 potions of curing {@q1}
Books
 E - a book of Misfortune

   Spells                             Type                      Level
   a - Confusing Touch                Hexes                        1
   b - Confuse                        Hexes                        3
   c - Gell's Gravitas                Hexes/Translocation          3
   d - Petrify                        Transmutation/Earth          4
   e - Metabolic Englaciation         Hexes/Ice                    5
   f - Yara's Violent Unravelling     Hexes/Transmutation          5
Comestibles
 d - 8 bread rations
 f - 2 beef jerkies
 n - 3 meat rations
 w - 2 slices of pizza
 x - a royal jelly
 C - 2 chunks of flesh

Dungeon Overview and Level Annotations

Branches:
Dungeon (9/15)             Temple (0/1) D:5
   Lair: D:8-11         Orc: D:9-12

Altars:
Cheibriados
Dithmenos
Elyvilon
Gozag
Makhleb
Nemelex Xobeh
Okawaru
Pakellas
Qazlal
Ru
Sif Muna
Trog
Uskayaw
Vehumet
Xom
Zin

Shops:
D:5

}
...................▒
....▒▒▒▒▒▒.........▒
....+ ▒.........▒
▒...▒ ▒.........▒
▒...▒ ▒....▒▒▒▒▒▒
▒...▒ +....▒ ...▒
▒....▒ ▒....▒▒▒▒▒▒▒
▒......o...▒
▒..........▒
▒..........▒
▒.....▒▒▒▒▒▒
........▒ .........▒
.........▒
.........▒
........▒▒


There were no monsters in sight!


Message History

Something bites you but does no damage. Something hits you but does no damage.
Something bites you!
* * * LOW HITPOINT WARNING * * *
Something draws strength from your injuries!
You feel better. Something hits you but does no damage. Something bites you!
* * * LOW HITPOINT WARNING * * *
Something draws strength from your injuries!
You barely miss something. You punch something! Something hits you!
* * * LOW HITPOINT WARNING * * *
Something bites you.
* * * LOW HITPOINT WARNING * * *
Something draws strength from your injuries!
You punch something! You punch something. Something hits you.
* * * LOW HITPOINT WARNING * * *
Something bites you!
* * * LOW HITPOINT WARNING * * *
Something draws strength from your injuries!
Okay, then.
It was a potion of flight.
You feel very buoyant.
You fly up into the air.
Something hits you!
You die...

Action                   |  1- 3 |  4- 6 |  7- 9 | 10-12 || total
-------------------------+-------+-------+-------+-------++-------
Melee: Unarmed           |    98 |   254 |   352 |    92 ||   796
       Punch             |     4 |    12 |    23 |    12 ||    51
  Use: Potion            |       |     2 |     2 |     2 ||     6
       Scroll            |       |       |    16 |       ||    16
  Eat: Chunk             |       |     6 |     6 |     2 ||    14
Armor: Leather armour    |    26 |       |       |       ||    26
       Ring mail         |     4 |    91 |    72 |    35 ||   202
       Skin              |       |     4 |     6 |       ||    10
Dodge: Dodged            |    43 |   116 |   196 |    63 ||   418

Vault maps used:
D:1:      dpeg_arrival_stone_temple_mockup
D:2:      lemuel_round_altar, first_bread, uniq_terence
D:3:      lemuel_round_altar, marbit_many_paths, minitemple, grunt_ministairs_9,
          nicolae_dithmenos_through_a_glass_darkly
D:4:      nicolae_ru_sacrificial_ziggurat
D:5:      nicolae_overflow_hidden_temple, led_sif_pool,
          minmay_gold_behind_fungi, nicolae_for_you_no_charge, uniq_pikel
D:6:      grunt_temple_overflow_open, serial_park_tiny_2, uniq_edmund
D:7:      minivault_25, grunt_ogre_cave
D:8:      kennysheep_mini_moat, gammafunk_pakellas_spire_experiment
D:9:      erik_lair_island

Notes
Turn   | Place    | Note
-------+----------+-------------------------------------------
     0 | D:1      | rlgrobin the Hill Orc Gladiator began the quest for the Orb.
     0 | D:1      | Reached XP level 1. HP: 18/18 MP: 1/1
   274 | D:1      | Reached XP level 2. HP: 25/25 MP: 2/2
   296 | D:1      | Reached skill level 4 in Unarmed Combat
   478 | D:1      | Reached XP level 3. HP: 19/30 MP: 3/3
   732 | D:2      | Noticed Terence
   747 | D:2      | Killed Terence
   747 | D:2      | Reached skill level 5 in Unarmed Combat
   747 | D:2      | Reached XP level 4. HP: 26/37 MP: 4/4
  1104 | D:2      | Found a sacrificial altar of Ru.
  1152 | D:3      | Noticed a sky beast
  1174 | D:2      | Reached skill level 6 in Unarmed Combat
  1259 | D:2      | Killed a sky beast
  1259 | D:2      | Reached XP level 5. HP: 12/42 MP: 5/5
  1546 | D:3      | Reached skill level 7 in Unarmed Combat
  1672 | D:3      | Found a shadowy altar of Dithmenos.
  1702 | D:3      | Reached XP level 6. HP: 50/50 MP: 6/6
  1703 | D:3      | Found a bloodstained altar of Trog.
  1826 | D:3      | Found a shadowy altar of Dithmenos.
  2073 | D:3      | Found a stormy altar of Qazlal.
  2080 | D:3      | Found a snail-covered altar of Cheibriados.
  2080 | D:3      | Found an opulent altar of Gozag.
  2093 | D:3      | Found a radiant altar of Vehumet.
  2097 | D:3      | Became a worshipper of Cheibriados the Contemplative
  2314 | D:4      | Reached skill level 8 in Unarmed Combat
  2476 | D:4      | Reached skill level 1 in Armour
  2476 | D:4      | Reached XP level 7. HP: 39/56 MP: 7/7
  2701 | D:4      | Found a sacrificial altar of Ru.
  2712 | D:4      | Reached * piety under Cheibriados
  2712 | D:4      | Reached skill level 2 in Armour
  2855 | D:5      | Entered Level 5 of the Dungeon
  2859 | D:5      | Found a white marble altar of Elyvilon.
  2878 | D:5      | Reached skill level 3 in Armour
  3113 | D:5      | Found a staircase to the Ecumenical Temple.
  3158 | D:5      | Reached skill level 4 in Armour
  3187 | D:5      | Noticed Pikel
  3209 | D:5      | Killed Pikel
  3209 | D:5      | Reached skill level 5 in Dodging
  3209 | D:5      | Reached XP level 8. HP: 14/62 MP: 8/8
  3494 | D:5      | Found Duedeo's Quality Used Wands.
  3509 | D:5      | Reached skill level 3 in Fighting
  3512 | D:5      | Reached skill level 4 in Fighting
  3839 | D:5      | Reached skill level 5 in Fighting
  3860 | D:5      | Found a deep blue altar of Sif Muna.
  3997 | D:5      | Reached skill level 6 in Fighting
  4088 | D:6      | Reached ** piety under Cheibriados
  4102 | D:6      | Reached skill level 7 in Fighting
  4102 | D:6      | Reached XP level 9. HP: 73/79 MP: 9/9
  4221 | D:6      | Found a shimmering altar of Xom.
  4228 | D:6      | Found an iron altar of Okawaru.
  4232 | D:6      | Found a burning altar of Makhleb.
  4233 | D:6      | Found a hide-covered altar of Uskayaw.
  4239 | D:6      | Found a sparkling altar of Nemelex Xobeh.
  4246 | D:6      | Noticed Edmund
  4258 | D:6      | Killed Edmund
  4258 | D:6      | Reached skill level 8 in Fighting
  4468 | D:6      | Reached skill level 9 in Unarmed Combat
  5144 | D:6      | Reached *** piety under Cheibriados
  5481 | D:7      | Reached skill level 10 in Unarmed Combat
  6086 | D:7      | Reached skill level 11 in Unarmed Combat
  6191 | D:7      | Reached **** piety under Cheibriados
  6191 | D:7      | Reached XP level 10. HP: 89/89 MP: 10/10
  6764 | D:7      | Reached skill level 12 in Unarmed Combat
  6863 | D:8      | Reached skill level 2 in Invocations
  6975 | D:8      | Reached skill level 3 in Invocations
  7179 | D:8      | Reached skill level 4 in Invocations
  7246 | D:8      | Found a glowing silver altar of Zin.
  7374 | D:8      | Found an oddly glowing altar of Pakellas.
  7375 | D:8      | Noticed a tengu reaver
  7384 | D:8      | Killed a tengu reaver
  7461 | D:9      | HP: 2/89 [something (10)]
  7462 | D:9      | Mangled by a vampire

Vanquished Creatures
  Pikel (D:5)
  A two-headed ogre (D:8)
  Edmund (D:6)
  4 orc warriors
  An ice beast (D:6)
  A slave (D:5)
  A black bear (D:7)
  3 sky beasts
  7 ogres
  5 centaurs
  A crocodile (D:8)
  2 giant frogs
  A scorpion (D:4)
  4 wights
  2 howler monkeys
  4 crimson imps
  2 giant frog zombies
  3 quasits
  A centaur skeleton (D:7)
  3 hounds
  4 orc priests
  4 jellies
  3 iguanas
  Terence (D:2)
  6 orc wizards
  4 worker ants
  5 hound skeletons
  A hound zombie (D:8)
  7 adders
  2 oozes
  An adder skeleton (D:7)
  An adder zombie (D:8)
  A worm (D:2)
  3 dart slugs (D:1)
  4 giant geckos
  35 orcs
  2 ball pythons (D:3)
  6 bats
  9 giant cockroaches
  4 goblins (D:1)
  3 hobgoblins
  9 jackals
  A quokka (D:2)
  A giant gecko skeleton (D:7)
  9 giant newts
  8 kobolds
  2 quokka skeletons
  5 rats
  2 fungi (D:5)
191 creatures vanquished.

Vanquished Creatures (others)
  A tengu reaver (D:8)
  A giant frog zombie (D:7)
2 creatures vanquished.

Grand Total: 193 creatures vanquished
